AoeStats
← 孤傲苍狼啸月圆

Fortress

509848544Analyzed
3v3 RM · 4d ago on Sep 28, 2026· 10m 53s· 6 players
Game mode
Random Map
Map size
Large (8 player)
Population
200
Speed
Normal
Resources
Standard
Victory
Conquest
Starting age
Dark Age
Ending age
Imperial Age
RankedLock teamsTeams togetherTeam positionsShared explorationLock speedFull tech treeHidden civsTurbo modeCheats
Victory
Defeat
🇫🇷 Franks · France
814
+11
🇨🇳 Georgians · China
754
+14
🇨🇿 Spanish · Czechia
744
+14
🇫🇷 Tatars · France
1014
-24
🇨🇳 Mongols · China
573
-8
🇨🇳 Koreans · China
529
-7
cold hand
7:30 Feudal Age
8:40 Double-Bit Axe
12:11 Castle Age
10:19 Horse Collar
[UBC] Lobo
0:52 Loom
8:27 Feudal Age
10:07 Wheelbarrow
9:21 Double-Bit Axe
9:18 Horse Collar
fnon
7:40 Feudal Age
8:15 Double-Bit Axe
10:12 Wheelbarrow
9:47 Gold Mining
孤傲苍狼啸月圆
10:27 Feudal Age
ksksdhsf
[CH-FR]Frog
8:42 Feudal Age
10:21 Wheelbarrow
9:33 Double-Bit Axe
9:30 Horse Collar
Connection lost

Rejoining the realm…

Still unreachable

The connection could not be restored.

Session expired

The server has moved on; the page needs a fresh start.